 Dungeon Crawl Stone Soup version 0.27-a0-1384-g1422d76b99 (webtiles) character file.

Game seed: 29182722651887681

4806 blackman the Fighter (level 10, -1/94 HPs)
             Began as a Minotaur Fighter on June 30, 2021.
             Was a Believer of Nemelex Xobeh.
             Killed from afar by a manticore (18 damage)
             ... with a volley of spikes
             ... on level 11 of the Dungeon on July 1, 2021.
             The game lasted 00:58:10 (11853 turns).

blackman the Fighter (Minotaur Fighter)            Turns: 11853, Time: 00:58:10

Health: -1/94      AC: 15    Str: 24    XL:     10   Next: 24%
Magic:  9/9        EV:  4    Int:  5    God:    Nemelex Xobeh [**....]
Gold:   243        SH: 19    Dex:  7    Spells: 9/9 levels left

rFire    . . .     SeeInvis .   a - +0 trident
rCold    . . .     Faith    +   D - +2 tower shield
rNeg     + . .     Spirit   .   N - +0 plate armour "Tife" {rElec Dex-3 Stlth+}
rPois    .         Reflect  .   (helmet restricted)
rElec    +         Harm     .   (no cloak)
rCorr    .         Rampage  .   k - +0 pair of gloves
Will     .....                  (no boots)
Stlth    ..........             n - amulet of faith
HPRegen  0.25/turn              j - ring of positive energy
MPRegen  0.11/turn              (no ring)

@: about to teleport, spiked
A: horns 2, retaliatory headbutt
a: Renounce Religion, Draw Escape, Draw Destruction, Draw Summoning


You were on level 11 of the Dungeon.
You worshipped Nemelex Xobeh.
Nemelex Xobeh was pleased with you.
You visited 2 branches of the dungeon, and saw 10 of its levels.

You collected 424 gold pieces.
You spent 181 gold pieces at shops.

Inventory:

Hand Weapons
 a - a +0 trident (weapon)
 h - a +2 dagger of venom
 x - a +2 dagger of speed
 y - a +5 dagger
 C - a +2 dire flail of protection
 L - a +0 halberd
 P - a +4 spear of freezing
Armour
 b - a +0 scale mail
 c - a +0 kite shield
 f - a +0 leather armour of cold resistance
 g - a +0 scale mail
 k - a +0 pair of gloves (worn)
 r - a +0 chain mail
 t - a +0 plate armour
 w - a +3 chain mail
 A - a +2 leather armour of fire resistance
 D - a +2 tower shield (worn)
 N - the +0 plate armour "Tife" (worn) {rElec Dex-3 Stlth+}
   (You found it on level 8 of the Dungeon)

   Dex:       It affects your dexterity (-3).
   rElec:     It insulates you from electricity.
   Stlth:     It makes you more stealthy.
Magical Staves
 F - a staff of conjuration
Jewellery
 j - a ring of positive energy (left hand)
 n - an amulet of faith (around neck)
 M - a ring of see invisible
 O - a +4 ring of evasion
Wands
 o - a wand of paralysis (16)
 v - a wand of acid (2)
 z - a wand of flame (6)
Scrolls
 d - a scroll of fear
 e - a scroll of silence {unknown}
 i - 4 scrolls of identify
 l - a scroll of enchant weapon {unknown}
 p - 2 scrolls of immolation
 q - a scroll of noise {unknown}
 E - 2 scrolls of magic mapping {unknown}
 I - a scroll of blinking {unknown}
 K - a scroll of fog {unknown}
 Q - a scroll of holy word {unknown}
 S - a scroll of acquirement {unknown}
Potions
 m - 2 potions of curing
 s - 3 potions of flight {unknown}
 u - 2 potions of berserk rage {unknown}
 B - a potion of ambrosia {unknown}
 H - a potion of degeneration
 J - 2 potions of heal wounds {unknown}
 R - a potion of mutation {unknown}


   Skills:
 * Level 10.6 Fighting
 + Level 8.9 Polearms
 + Level 9.4 Armour
 - Level 0.5 Dodging
 + Level 9.4 Shields


You had 9 spell levels left.
You didn't know any spells.
Your spell library contained the following spells:

 Spells                   Type           Power      Damage    Failure   Level
 Animate Skeleton         Necr           0%         N/A       100%        1
 Corona                   Hex            0%         N/A       100%        1
 Pain                     Necr           0%         1d4       100%        1
 Sandblast                Erth           0%         2d4       100%        1
 Summon Small Mammal      Summ           0%         N/A       100%        1
 Call Imp                 Summ           0%         N/A       100%        2
 Passwall                 Tmut/Erth      0%         N/A       100%        2
 Slow                     Hex            0%         N/A       100%        2
 Call Canine Familiar     Summ           0%         N/A       100%        3
 Gell's Gravitas          Tloc           0%         N/A       100%        3
 Inner Flame              Hex/Fire       0%         N/A       100%        3
 Portal Projectile        Hex/Tloc       0%         N/A       100%        3
 Stone Arrow              Conj/Erth      0%         3d7       100%        3
 Summon Guardian Golem    Hex/Summ       0%         N/A       100%        3
 Vampiric Draining        Necr           0%         2d6       100%        3
 Animate Dead             Necr           0%         N/A       100%        4
 Cause Fear               Hex            0%         N/A       100%        4
 Leda's Liquefaction      Hex/Erth       0%         N/A       100%        4
 Passage of Golubria      Tloc           N/A        N/A       100%        4
 Petrify                  Tmut/Erth      0%         N/A       100%        4
 Summon Ice Beast         Ice/Summ       0%         N/A       100%        4
 Summon Lightning Spire   Summ/Air       0%         N/A       100%        4
 Agony                    Necr           0%         N/A       100%        5
 Lee's Rapid Deconstruct  Erth           0%         3d5*      100%        5
 Manifold Assault         Tloc           0%         N/A       100%        5
 Dispersal                Tloc           0%         N/A       100%        6
 Disjunction              Tloc           0%         N/A       100%        8


Dungeon Overview and Level Annotations

Branches:
Dungeon (8/15)             Temple (1/1) D:5
   Lair: D:8-11

Altars:
Ashenzari
Cheibriados
Dithmenos
Elyvilon
Fedhas
Hepliaklqana
Makhleb
Nemelex Xobeh
Qazlal
Sif Muna
Trog
Uskayaw
Vehumet
Wu Jian
Xom
Yredelemnul
Zin
The Shining One

Shops:
D:6 *[


Innate Abilities, Weirdness & Mutations

You have a pair of horns on your head.
You reflexively headbutt those who attack you in melee.


Message History

The troll is severely wounded.
You block the troll's attack. x2; The troll claws you but does no damage.
You block the manticore's attack. The manticore claws you. x2
You hit the troll.
The troll is severely wounded.
You block the troll's attack. The troll claws you!
* * * LOW HITPOINT WARNING * * *
The troll claws you!
* * * LOW HITPOINT WARNING * * *
The manticore closely misses you. The manticore claws you.
* * * LOW HITPOINT WARNING * * *
You block the manticore's attack.
You feel better.
You block the troll's attack. x2; The troll claws you!
* * * LOW HITPOINT WARNING * * *
You block the manticore's attack.
The manticore claws you but does no damage. x2
Aiming: Paralyse
Press: ? - help, Shift-Dir - straight line, f - manticore, p - troll
Aim: a manticore (chance to affect: 28%)
The manticore easily resists.
You carefully extract the barbed spikes from your body.
You block the troll's attack. The troll claws you.
* * * LOW HITPOINT WARNING * * *
You block the troll's attack. You block the manticore's attack.
The manticore claws you but does no damage.
The manticore claws you.
* * * LOW HITPOINT WARNING * * *
Press: ? - help, v - describe, . - travel
Here: a manticore The floor.
As you read the scroll of teleportation, it crumbles to dust.
You feel strangely unstable. The troll bites you but does no damage.
You block the troll's attack. x2; You block the manticore's attack.
The manticore claws you but does no damage.
You block the manticore's attack.
The manticore flicks its tail.
The volley of spikes hits you!!
The barbed spikes become lodged in your body.
You die...
Your body disappears without a glow.

###########################
..........T.@..............
..........H.....#.......(#.
........##......#.)......#...
........##......#........#...
........##......#........#...
........##......#........#...
........##......#........#...
................#........#...
...........#........#...


You could see a manticore and a troll.

Vanquished Creatures
  A two-headed ogre (D:11)
  Eustachio (D:6)
  A yak (D:8)
  A steam dragon (D:8)
  Menkaure (D:5)
  Edmund (D:6)
  3 water moccasins
  An orc warrior (D:11)
  2 necrophages
  2 sky beasts
  A hornet zombie (D:8)
  2 ogres (D:7)
  5 centaurs
  The ghost of Aneyh the Insei, an amateur TeMo of Wu Jian (D:3)
  4 bullfrogs
  3 scorpions
  A gnoll sergeant (D:8)
  A wyvern zombie (D:8)
  8 killer bees (D:8)
  2 howler monkeys
  A bullfrog zombie (D:7)
  A centaur zombie (D:8)
  A jelly (D:7)
  3 hounds
  An orc priest (D:6)
  A scorpion zombie (D:5)
  3 iguanas
  10 orc wizards
  A hound zombie (D:5)
  12 gnolls
  2 howler monkey zombies
  9 adders
  2 shadow imps
  2 white imps
  3 ufetubi
  A worm zombie (D:5)
  3 worms
  A dart slug (D:2)
  13 orcs
  5 endoplasms
  4 giant cockroaches
  7 goblins
  2 hobgoblins
  8 jackals
  4 quokkas
  8 ball pythons
  3 bats
  2 frilled lizards (D:1)
  A hobgoblin zombie (D:5)
  5 kobolds
  6 rats
167 creatures vanquished.

Vanquished Creatures (collateral kills)
  Grinder (D:6)
1 creature vanquished.

Vanquished Creatures (others)
  25 plants (D:3)
25 creatures vanquished.

Grand Total: 193 creatures vanquished

Notes
Turn   | Place    | Note
-------+----------+-------------------------------------------
     0 | D:1      | blackman the Minotaur Fighter began the quest for the Orb.
     0 | D:1      | Reached XP level 1. HP: 19/19 MP: 0/0
    12 | D:1      | Noticed an ogre
   267 | D:1      | Reached XP level 2. HP: 27/27 MP: 1/1
   543 | D:1      | Found a faded altar of an unknown god.
   547 | D:1      | Reached skill level 4 in Fighting
   867 | D:1      | You fall into a shaft and drop 1 floor!
   913 | D:2      | Reached XP level 3. HP: 27/33 MP: 2/2
  1898 | D:3      | Reached XP level 4. HP: 36/40 MP: 3/3
  1899 | D:3      | Found a runed translucent door.
  1912 | D:3      | Noticed Aneyh's ghost (amateur TeMo)
  1984 | D:3      | Killed Aneyh's ghost
  1985 | D:3      | Reached skill level 5 in Armour
  1985 | D:3      | Reached XP level 5. HP: 22/47 MP: 4/4
  3617 | D:4      | Reached skill level 5 in Shields
  3621 | D:4      | HP: 2/47 [poisoned by a scorpion]
  3980 | D:4      | Noticed a necrophage
  4002 | D:4      | Killed a necrophage
  4003 | D:4      | Reached XP level 6. HP: 38/55 MP: 5/5
  4483 | D:4      | Reached skill level 5 in Fighting
  4836 | D:5      | Entered Level 5 of the Dungeon
  4836 | D:5      | Found a sand-covered staircase.
  4836 | D:5      | Noticed a water moccasin
  4854 | D:5      | Noticed Menkaure
  5345 | D:5      | Killed a water moccasin
  5346 | D:5      | Reached XP level 7. HP: 20/61 MP: 6/6
  5927 | D:5      | Reached skill level 5 in Polearms
  6072 | D:5      | Found a staircase to the Ecumenical Temple.
  6082 | Temple   | Entered the Ecumenical Temple
  6227 | Temple   | Became a worshipper of Nemelex Xobeh the Trickster
  6326 | D:6      | Found Zuttes's General Store.
  6326 | D:6      | Noticed Grinder
  6883 | D:7      | Reached skill level 6 in Fighting
  7180 | D:7      | Reached XP level 8. HP: 63/70 MP: 7/7
  7701 | D:6      | Found Xenuj's Armour Shop.
  7701 | D:6      | Reached * piety under Nemelex Xobeh
  7701 | D:6      | Received a gift from Nemelex Xobeh
  7701 | D:6      | Noticed Eustachio
  7710 | D:6      | Killed Eustachio
  7719 | D:6      | Killed Grinder
  7819 | D:6      | Noticed Edmund
  7833 | D:6      | Killed Edmund
  7834 | D:6      | Reached skill level 7 in Fighting
  7999 | D:6      | Bought a +2 tower shield for 181 gold pieces
  8205 | D:6      | Reached XP level 9. HP: 64/81 MP: 8/8
  8231 | D:6      | Reached skill level 8 in Fighting
  8602 | D:5      | Killed Menkaure
  9856 | D:8      | Reached skill level 9 in Fighting
  9940 | D:8      | HP: 4/83 [poisoned by a killer bee]
 10538 | D:8      | Found a shimmering altar of Xom.
 10539 | D:8      | Found a broken altar of Ashenzari.
 10539 | D:8      | Found a bloodstained altar of Trog.
 10539 | D:8      | Found a burning altar of Makhleb.
 10543 | D:8      | Found a radiant altar of Vehumet.
 11014 | D:8      | Identified the +0 plate armour "Tife" {rElec Dex-3 Stlth+}
 11029 | D:8      | Reached ** piety under Nemelex Xobeh
 11153 | D:8      | Reached skill level 10 in Fighting
 11271 | D:8      | Reached XP level 10. HP: 50/93 MP: 9/9
 11593 | D:8      | You fall into a shaft and drop 3 floors!
 11593 | D:11     | Received a gift from Nemelex Xobeh
 11782 | D:11     | Noticed a two-headed ogre
 11802 | D:11     | Killed a two-headed ogre
 11832 | D:11     | Noticed a manticore
 11853 | D:11     | Killed from afar by a manticore

Illustrated notes

Levels and vault maps discovered:
D:1:      evilmike_arrival_come_back, layout_loops_ring,
          hellmonk_ecumenical_altar_slurped_away, grunt_decor_cap,
          minmay_misc_feat_rugged, hex_tiny
D:2:      layout_basic, grunt_decor_clamped
D:3:      layout_basic, ebering_ghost_sewer_d, serial_bayou,
          serial_bayou_shore_a, serial_bayou_ford_a, serial_bayou_shore_b,
          serial_bayou_pond_c
D:4:      layout_loops_cross, portal_sewer_entry_d
D:5:      layout_basic, minmay_temple_entry_poolview, enter_ossuary_3,
          uniq_menkaure
D:6:      layout_gridville, serial_shops, nicolae_square_shop,
          nicolae_stop_n_shop_1, grunt_ministairs_7, minmay_misc_feat_five,
          uniq_edmund, uniq_eustachio, uniq_grinder
D:7:      layout_rooms
D:8:      layout_rooms, minitemple, minmay_bent
D:11:     layout_stronghold
Temple:   dshaligram_water_room_temple

Skill      XL: |  1  2  3  4  5  6  7  8  9 |
---------------+----------------------------+-----
Shields        | 4 5 6 7 9 |  9.4
Fighting       | 4 5 6 7 10 | 10.6
Armour         | 4 5 6 7 9 |  9.4
Polearms       | 3 4 5 7 8 |  8.9
Dodging        | |  0.5

Action                   |  1- 3 |  4- 6 |  7- 9 | 10-12 || total
-------------------------+-------+-------+-------+-------++-------
Melee: Trident           |   113 |   229 |   448 |    38 ||   828
       Headbutt          |    10 |    49 |    81 |     9 ||   149
       Spear             |       |       |     8 |       ||     8
Invok: Draw Destruction  |       |       |     5 |     1 ||     6
       Draw Summoning    |       |       |     1 |       ||     1
Evoke: Wand              |       |       |     1 |     3 ||     4
  Use: Scroll            |       |     5 |     1 |     1 ||     7
       Potion            |       |     7 |     1 |     1 ||     9
Armor: Scale mail        |    47 |    10 |       |       ||    57
       Chain mail        |       |    23 |   154 |       ||   177
       Plate armour      |       |    32 |    84 |    18 ||   134
Dodge: Dodged            |    34 |    39 |   116 |     5 ||   194
Block: Kite shield       |    58 |    59 |   114 |       ||   231
       Tower shield      |       |       |   396 |    55 ||   451

Table legend: (Time is in decaauts)
 A = Elapsed time spent in this place.
 B = Non-inter-level travel time spent in this place.
 C = Inter-level travel time spent in this place.
 D = Time resting spent in this place.
 E = Time spent auto-exploring this place.
 F = Levels seen in this place.
 G = Mean time per level.
                   A        B        C        D        E       F      G
               +--------+--------+--------+--------+--------+-----+--------+
         Total |  12162 |  11801 |    361 |   4448 |   3360 |  10 | 1216.2 |
       Dungeon |  11966 |  11605 |    361 |   4448 |   3360 |   9 | 1329.6 |
        Temple |    196 |    196 |      0 |      0 |      0 |   1 |  196.0 |
               +--------+--------+--------+--------+--------+-----+--------+

Top non-repeatable levels by time:
     D:8: 2039 daAuts
     D:3: 1845 daAuts
     D:5: 1839 daAuts
     D:4: 1550 daAuts
     D:7: 1405 daAuts
     D:6: 1092 daAuts
     D:2: 1037 daAuts
     D:1: 888 daAuts
    D:11: 267 daAuts
  Temple: 196 daAuts
